Unix NetHack Version 5.0.0-0 post-release - last build Jun 10 2026 00:39:30 (3ee93aec679c4c4259841fe613dc97188e26a321,branch:main).

Game began 2026-06-11 09:35:40, ended 2026-06-11 10:12:02.

LDaviesPeters, neutral female human Archeologist

                             ----------------       ----------------
                             |.........`....|      #......>........|
                            @i..............|      #|..............-#
                          ##(|..............|      #|..............|#
                          #  -------.-+------      #|..............|#
                       ####         ###            #----------------#
                       #             #             ###              #
                       #             #%##            #              #
                       #     -----------|--          #              #
            --------####     |.......%.....#         #              #
            |.....!|#        |............|#         #              #
            |......|#        |......b.....|#         #              #
            |...!..|#        |............|#      #  #              #
            |..!...|#        |............|#    --+--#              ##
            |......|####     --------------###  |...|#         #############
            |..!...+####                     #  |...|#               #-----|-
            --------                         ###|...|#               #|...>.|
                                               #....-#               #-.....|
                                                -----                 -------

LDaviesPeters the Field Worker  St:13 Dx:8 Co:13 In:15 Wi:18 Ch:11  Neutral
Dlvl:3  $:0  HP:0(24) Pw:23(23) AC:7  Xp:4 T:2864 

Latest messages:
 You swap places with your kitten.
 You hit the kobold lord.
 The kobold lord hits!
 You miss the kobold lord.
 You feel sad for a moment.
 The kobold lord hits!
 You miss the kobold lord.
 The kobold lord hits!
 You hit the kobold lord.
 The kobold lord hits!
 The kobold lord hits!
 You see here a kitten corpse.
 You hear the chime of a cash register.
 In what direction? 6
 The door closes.
 What do you want to use or apply? [abfgklvwB or ?*] k
 In what direction? 6
 Lock it? [ynq] (q) y
 You succeed in locking the door.
 What do you want to drop? [a-df-hkltvwA-D or ?*] b
 You drop an uncursed sack containing 18 items.
 Your movements are now unencumbered.
 This door is locked.
 Unlock it with your lock pick? [ynq] (q) y
 You succeed in picking the lock.
 The door resists!
 The door opens.
 You miss the kobold lord.
 You hit the kobold lord.
 The kobold lord hits!
 You hit the kobold lord.
 The kobold lord hits!
 You hit the kobold lord.
 The kobold lord hits!
 You miss the kobold lord.
 You hit the kobold lord.
 You hit the kobold lord.
 The kobold lord hits!
 You kill the kobold lord!
 You hit the homunculus.
 The homunculus bites!
 You hit the homunculus.
 The homunculus bites!
 You avoid harm.
 You miss the homunculus.
 The homunculus bites!
 You miss the homunculus.
 The homunculus bites!
 You die...
 Do you want your possessions identified? [ynq] (y) q

Inventory:
 Weapons  (')')
  t - 11 +0 darts
  C - a +0 dagger
  a - a +2 bullwhip
 Armor    ('[')
  c - an uncursed +0 fedora (being worn)
  D - an uncursed +0 robe (being worn)
  h - an uncursed +0 leather jacket (being worn)
 Comestibles  ('%')
  d - an uncursed food ration
  A - an uncursed lembas wafer
 Wands    ('/')
  w - a wand of digging (0:6)
  B - a wand of make invisible (0:6)
  v - a wand of undead turning (0:3)
 Tools    ('(')
  k - an uncursed lock pick
  l - an uncursed oil lamp
  f - a tinning kit (0:87)
 Gems/Stones  ('*')
  g - an uncursed touchstone

LDaviesPeters the Archeologist's attributes:

Background:
 You were a Field Worker, a level 4 female human Archeologist.
 You were neutral, nominally on a mission for Camaxtli
 who was opposed by Quetzalcoatl (lawful) and Huhetotl (chaotic).
 You were right-handed.
 You were in the Dungeons of Doom, on level 3.
 You entered the dungeon 2864 turns ago.
 You had 97 experience points, 63 more were needed to attain level 5.

Basics:
 You had 0 out of 24 hit points.
 You had all 23 energy points (spell power).
 Your armor class was 7.
 Your wallet was empty.
 Autopickup was off.

Final Characteristics:
 Your strength was 13 (limit:18/100).
 Your dexterity was 8 (limit:18).
 Your constitution was 13 (limit:18).
 Your intelligence was 15 (limit:18).
 Your wisdom was 18 (limit:18).
 Your charisma was 11 (limit:18).

Final Status:
 You weren't hungry.
 You were unencumbered.
 You were bare handed.
 You were unskilled in bare handed combat.

Final Attributes:
 You were piously aligned.
 You had automatic searching.
 You were guarded.
 Your spell casting was enhanced by wearing a robe.
 You were lucky.
 You are dead.

Miscellaneous:
 You encountered 1 bones level.
 Total elapsed playing time was 36 minutes and 21 seconds.

Major events:
 Turn
    1: LDaviesPeters the neutral female human Archeologist entered the dungeon
  872: attained the rank of Field Worker (level 3)
 1122: entered the Gnomish Mines
 2864: killed by a homunculus

Spells:
 Name                 Level Category     Fail Retention
 knock                  1   matter         0%  76%-100%
 magic missile          2   attack        60%  76%-100%
 detect monsters        1   divination     0%  76%-100%

Skills:
 Fighting Skills
   bare handed combat [Unskilled]
   two weapon combat  [Unskilled]
   riding             [Unskilled]
 Weapon Skills
   dagger             [Unskilled]
   knife              [Unskilled]
   pick-axe           [Basic]
   short sword        [Unskilled]
   saber              [Unskilled]
   club               [Unskilled]
   quarterstaff       [Unskilled]
   sling              [Unskilled]
   dart               [Unskilled]
   boomerang          [Unskilled]
   whip               [Basic]
   unicorn horn       [Unskilled]
 Spellcasting Skills
   attack spells      [Unskilled]
   healing spells     [Unskilled]
   divination spells  [Unskilled]
   matter spells      [Unskilled]

Voluntary challenges:
 Character rerolling was not enabled.
 You followed a strict vegan diet.
 You were an atheist.
 You never genocided any monsters.
 You never polymorphed an object.
 You never changed form.
 You used no wishes.
Achievements:
 You attained the rank of Field Worker.
 You entered the Gnomish Mines.
 You entered a shop.

 The Dungeons of Doom: levels 1 to 4
    Level 1:
    Level 2:
    Level 3: <- You were here.
       A potion shop.
       Stairs down to The Gnomish Mines.
       Final resting place for
          you, killed by a homunculus.
    Level 4:
 The Gnomish Mines:
    Level 4:
       A grave.
       Final resting place for
          Souljazz-Wiz-Elf-Mal-Cha, killed by a dwarf.


Vanquished creatures:
  2 shriekers
  a kitten
  a homunculus
  a kobold leader
  a giant bat
  3 acid blobs
  a hobbit
  a large kobold
  a giant rat
  2 yellow molds
  a green mold
  a red mold
  3 geckos
  a jackal
  2 foxes
  2 kobolds
  a sewer rat
  3 grid bugs
  2 lichens
  a kobold zombie
  4 newts
35 creatures vanquished.

No species were genocided or became extinct.

Game over:
                       ----------
                      /          \
                     /    REST    \
                    /      IN      \
                   /     PEACE      \
                  /                  \
                  |  LDaviesPeters   |
                  |       0 Au       |
                  |   killed by a    |
                  |    homunculus    |
                  |                  |
                  |                  |
                  |       2026       |
                 *|     *  *  *      | *
        _________)/\\_//(\/(/\)/\//\/|_)_______

Goodbye LDaviesPeters the Archeologist...

You died in The Dungeons of Doom on dungeon level 3 with 548 points,
and 0 pieces of gold, after 2864 moves.
You were level 4 with a maximum of 24 hit points when you died.

